 Dungeon Sprint DCSS version 0.20.1-1-g8b1a95d (webtiles) character file.

53 potatolord6000 the Skirmisher (level 3, -2/31 HPs)
             Began as a Demonspawn Fighter on Aug 28, 2017.
             Slain by a water elemental (18 damage)
             ... in the Dungeon (Sprint III: "The Ten Rune Challenge").
             The game lasted 00:01:02 (282 turns).

potatolord6000 the Skirmisher (Demonspawn Fighter)   Turns: 282, Time: 00:01:03

Health: -2/31      AC:  9    Str: 22    XL:     3   Next: 64%
Magic:  3/3        EV:  7    Int:  9    God:
Gold:   11         SH:  9    Dex: 12    Spells: 2/2 levels left

rFire    . . .     SeeInvis .   a - +0 long sword
rCold    . . .     Gourm    .   c - +0 shield
rNeg     . . .     Faith    .   b - +0 scale mail
rPois    .         Spirit   .   (no helmet)
rElec    .         Reflect  .   (no cloak)
rCorr    .         Harm     .   (no gloves)
MR       .....     NoTele   +   (no boots)
Stlth    +.........             (no amulet)
Regen    0.1/turn               (no ring)
MPRegen  0.1/turn               (no ring)

@: mighty, hasted (expiring), very quick
A: yellow scales 1, powered by death 1
a: no special abilities


You were in the Dungeon.
You were not hungry.

You visited 1 branch You collected 11 gold pieces.

Inventory:

Hand Weapons
 a - a +0 long sword (weapon)
Armour
 b - a +0 scale mail (worn)
 c - a +0 shield (worn)
Scrolls
 k - a scroll of blinking
 l - a scroll of magic mapping {unknown}
Potions
 e - a potion of brilliance {unknown}
 g - a potion of heal wounds
 i - 2 potions of magic
 j - a potion of berserk rage
Comestibles
 f - a bread ration


   Skills:
 + Level 4.3 Fighting
 + Level 3.4 Long Blades
 + Level 3.9 Armour
 + Level 2.9 Stealth
 + Level 3.9 Shields


You had 2 spell levels left.
You didn't know any spells.

Dungeon Overview and Level Annotations

Branches:
Dungeon (1/1)

Altars:


Innate Abilities, Weirdness & Mutations

You are partially covered in yellow scales. (AC +2)
You regenerate a little health from kills.


Message History

The human is almost dead.
You block the human's attack.
You slash the human!
You kill the human!
You feel very mighty all of a sudden. As you open the door, it creaks loudly!
A water elemental comes into view.
You block the water elemental's attack.
There is an open door to the Ecumenical Temple here.
You slash the water elemental!
The water elemental is heavily damaged.
Your extra speed is starting to run out.
The water elemental hits you!
Unknown command.
Unknown command.
You slash the water elemental!
The water elemental is severely damaged.
The water elemental hits you!!
Ouch! That really hurt!
You die...

▓▓▓▓▓▓▓ ▓▓▓ ..#...####
##.# ..#..†...## #..#
.##.......# #..#
#.##.##...# #..###+#+##
#.##.###..# +#..#.......
.####.##..# #...@.⌠.....
###..##..####...#E..####
.....##..###....#.⌠.#
##..##...##.....#...#
#..##.[..#......#+###
..###..##.#.....# ..#
#..#####....# ▓▓▓ ▓▓▓▓
▓▓▓▓▓▓


You could see a water elemental.

Vanquished Creatures
  Jessica (D)
  A human (D)
  An ooze (D)
  A phantom (D)
  2 rats (D)
6 creatures vanquished.

Vanquished Creatures (others)
  A draconian scorcher (D)
  6 hellions (D)
  A yaktaur (D)
  A plant (D)
9 creatures vanquished.

Grand Total: 15 creatures vanquished

Notes
Turn   | Place    | Note
-------+----------+-------------------------------------------
     0 | D        | potatolord6000 the Demonspawn Fighter began the quest for the Orb.
     0 | D        | Reached XP level 1. HP: 18/18 MP: 1/1
    14 | D        | Reached skill level 1 in Stealth
    53 | D        | Noticed Jessica
    65 | D        | Killed Jessica
    65 | D        | Reached skill level 4 in Fighting
    65 | D        | Gained mutation: You are partially covered in yellow scales. (AC +2) [demonic ancestry]
    65 | D        | Reached XP level 2. HP: 10/25 MP: 2/2
    65 | D        | Gained mutation: You regenerate a little health from kills. [demonic ancestry]
    65 | D        | Reached XP level 3. HP: 12/30 MP: 3/3
    70 | D        | Killed a yaktaur
   106 | D        | Killed a hellion
   107 | D        | Killed a hellion
   132 | D        | Killed a hellion
   133 | D        | Killed a hellion
   172 | D        | Killed a hellion
   196 | D        | Killed a hellion
   225 | D        | Killed a white draconian scorcher
   279 | D        | Noticed a water elemental
   282 | D        | Slain by a water elemental

Skill      XL: |  1 |
---------------+----+-----
Long Blades    | 3 |  3.4
Armour         | 3 |  3.9
Stealth        | 2 |  2.9
Shields        | 3 |  3.9
Fighting       | 4 |  4.3

Action                   || total
-------------------------++-------
Melee: Long sword        ||    38
  Use: Potion            ||     3
Armor: Scale mail        ||     6
Dodge: Dodged            ||     7
Block: Shield            ||    19
       Rpst.: Long sword ||     3
